 Dungeon Crawl Stone Soup version 0.18.1-1-g2f07953 (webtiles) character file.

68 Danakh the Skirmisher (level 4, 0/52 HPs)
             Began as a Demonspawn Berserker on May 12, 2016.
             Was a Believer of Trog.
             Killed by nerve-wracking pain
             ... invoked by Jessica
              (6 damage)
             ... on level 2 of the Dungeon.
             The game lasted 00:03:52 (936 turns).

Danakh the Skirmisher (Demonspawn Berserker)         Turns: 936, Time: 00:03:52

Health: 0/52       AC:  9    Str: 23    XL:     4   Next: 1%
Magic:  4/4        EV:  9    Int:  8    God:    Trog [**....]
Gold:   64         SH:  0    Dex: 13    Spells: 0 memorised, 3 levels left

rFire  . . .     SeeInvis .     a - +0 hand axe
rCold  . . .     Gourm    .     k - +0 chain mail
rNeg   . . .     Faith    .     (no shield)
rPois  .         Spirit   .     m - +0 helmet
rElec  .         Dismiss  .     (no cloak)
rCorr  .         Reflect  .     (no gloves)
SustAt .         Harm     .     (no boots)
MR     .....                    (no amulet)
Stlth  ..........               (no ring)
                                (no ring)

@: berserking, very quick, not resistant to hostile enchantments, extremely
unstealthy
A: claws 1, powered by death 1, sturdy frame 1
a: Berserk, Trog's Hand, Burn Spellbooks, Renounce Religion


You were on level 2 of the Dungeon.
You worshipped Trog.
Trog was pleased with you.
You were hungry.

You visited 1 branch of the dungeon, and saw 2 of its levels.

You collected 64 gold pieces.

Inventory:

Hand Weapons
 a - a +0 hand axe (weapon)
Armour
 b - a +0 animal skin
 k - a +0 chain mail (worn)
 m - a +0 helmet (worn)
Wands
 l - a wand of polymorph (10/24)
Scrolls
 d - 4 scrolls of magic mapping {unknown}
 e - 2 scrolls of identify {unknown}
 h - a scroll of noise {unknown}
 j - a scroll of teleportation {unknown}
Potions
 f - a potion of lignification {unknown}
 g - 2 potions of magic {unknown}
 i - a potion of agility {unknown}
Comestibles
 c - 3 bread rations


   Skills:
 + Level 3.5 Fighting
 * Level 3.2 Axes
 + Level 2.3 Armour
 + Level 2.4 Dodging


You had 3 spell levels left.
You didn't know any spells.

Dungeon Overview and Level Annotations

Branches:
Dungeon (2/15)

Altars:

Annotations:
D:2 Jessica, Sigmund


Innate Abilities, Weirdness & Mutations

You have sharp fingernails.
You regenerate a little health from kills.
Your movements are slightly less encumbered by armour (ER -2).


Message History

You are too injured to fight recklessly!
You hit something. The bat closely misses you.
Something hits you but does no damage.
A red film seems to cover your vision as you go berserk!
You feel yourself moving faster!
You feel mighty!
You are feeling hungry.
The bat closely misses you.
Jessica shouts, "Stop bothering me, or I'll kill you!"
Something hits you.
* * * LOW HITPOINT WARNING * * *
You slash something! You slash the bat!
You kill the bat!
You barely miss something.
Jessica gestures wildly while chanting.
Jessica blinks!
Something hits you but does no damage.
You closely miss something. You barely miss Jessica.
Jessica is severely wounded.
Jessica casts a spell at you. Pain shoots through your body!
You die...

### #.. ###.###
#.....# #
#.....##.##
#..........
#.@†g?.....
#..@{.#
#....#.#.# .
#### #§#.#..#
########......#
#......÷.....##
#.########.###
#.# !# ####.#
.#
#.###....#####
#


You could see Jessica and a hobgoblin.

Vanquished Creatures
  Terence (D:2)
  Robin (D:2)
  A giant gecko (D:1)
  3 giant cockroaches
  10 goblins
  3 hobgoblins
  2 kobolds
  A ball python (D:2)
  6 bats
  A giant newt (D:2)
  2 rats (D:1)
31 creatures vanquished.

Notes
Turn   | Place    | Note
--------------------------------------------------------------
     0 | D:1      | Danakh the Demonspawn Berserker began the quest for the Orb.
     0 | D:1      | Reached XP level 1. HP: 18/18 MP: 1/1
   183 | D:1      | Gained mutation: Your movements are slightly less encumbered by armour (ER -2). [demonic ancestry]
   183 | D:1      | Reached XP level 2. HP: 23/24 MP: 2/2
   601 | D:2      | Noticed Terence
   608 | D:2      | Killed Terence
   608 | D:2      | Gained mutation: You have sharp fingernails. [demonic ancestry]
   608 | D:2      | Reached XP level 3. HP: 19/29 MP: 3/3
   644 | D:2      | Noticed Robin
   670 | D:2      | Killed Robin
   722 | D:2      | Reached ** piety under Trog
   722 | D:2      | Gained mutation: You regenerate a little health from kills. [demonic ancestry]
   722 | D:2      | Reached XP level 4. HP: 14/35 MP: 4/4
   913 | D:2      | Noticed Jessica
   914 | D:2      | Noticed Sigmund
   936 | D:2      | Killed from afar by Jessica

Skill      XL: |  1  2 |
---------------+-------+-----
Armour         | 2 |  2.3
Dodging        | 2 |  2.4
Axes           | 3 |  3.2
Fighting       | |  3.5

Action                   |  1- 3 |  4- 6 || total
-------------------------+-------+-------++-------
Melee: Hand axe          |   110 |    19 ||   129
Invok: Berserk           |     2 |     1 ||     3
  Eat: Chunk             |     2 |       ||     2
Armor: Animal skin       |    25 |       ||    25
       Chain mail        |    18 |    21 ||    39
Dodge: Dodged            |    69 |    11 ||    80
